 Dungeon Crawl Stone Soup version 0.28.0-47-ge53b351184 (webtiles) character file.

Game seed: 14366799130486641743

115 Kenran the Magician (level 5, 0/38 HPs)
             Began as a Djinni Fire Elementalist on Apr 28, 2022.
             Slain by an ufetubus (5 damage)
             ... on level 4 of the Dungeon.
             The game lasted 00:06:39 (2914 turns).

Kenran the Magician (Djinni Fire Elementalist)      Turns: 2914, Time: 00:06:40

Health: 0/38       AC:  2    Str: 13    XL:     5   Next: 20%
Gold:   84         EV: 12    Int: 19    God:
                   SH:  0    Dex: 13

rFire   + + .      SeeInvis .   c - +2 dagger (flame)
rCold   x . .      Faith    .   (no shield)
rNeg    . . .      Spirit   .   a - +0 robe
rPois   ∞          Reflect  .   (no helmet)
rElec   .          Harm     .   (no cloak)
rCorr   .          Rampage  .   (no gloves)
Will    .....                   (boots unavailable)
Stlth   ++........              (no amulet)
HPRegen 0.12/turn               h - +6 ring of strength
MPRegen 0.00/turn               (no ring)

@: flying
A: sickness immunity, fire resistance 2, cold vulnerability 1, float, innate
caster, HP casting, extra vitality 1
a: no special abilities


You were on level 4 of the Dungeon.
You visited 1 branch of the dungeon, and saw 4 of its levels.

You collected 84 gold pieces.

Inventory:

Hand Weapons
 c - a +2 dagger of flaming (weapon)
Armour
 a - a +0 robe (worn)
 n - a +2 scale mail of fire resistance
Jewellery
 h - a +6 ring of strength (left hand)
 m - a ring of ice
Scrolls
 d - 2 scrolls of fear {unknown}
 i - a scroll of enchant armour {unknown}
 k - a scroll of holy word {unknown}
 l - 2 scrolls of identify {unknown}
Potions
 b - a potion of attraction {unknown}
 e - 2 potions of heal wounds {unknown}
 f - a potion of lignification {unknown}
 g - 4 potions of curing {unknown}
 j - a potion of brilliance {unknown}
 o - a potion of flight {unknown}


   Skills:
 - Level 2.0 Fighting
 - Level 3.0 Dodging
 - Level 1.5 Stealth
 + Level 3.6 Spellcasting


You couldn't memorise any spells.
You knew the following spells:

 Your Spells              Type           Power      Damage    Failure   Level
a - Foxfire               Conj/Fire      68%        2x1d7     3%          1
b - Scorch                Fire           34%        2d6       4%          2
c - Conjure Flame         Conj/Fire      17%        6-21      10%         3
d - Inner Flame           Hex/Fire       17%        N/A       10%         3
e - Flame Wave            Conj/Fire      17%        2d6       32%         4
f - Beastly Appendage     Tmut           34%        N/A       3%          1
g - Ensorcelled Hibernat  Hex/Ice        34%        N/A       4%          2
Your spell library was empty.

Dungeon Overview and Level Annotations

Branches:
Dungeon (4/15)
 Temple: D:4-7

Altars:
Xom


Innate Abilities, Weirdness & Mutations

You are immune to sickness and miasma.
You are immune to poison.
Your flesh is very heat resistant. (rF++)
You are vulnerable to cold. (rC-)
You float through the air rather than walking.
You learn spells naturally, not from books.
Your magical power is your life essence.
You have superior vitality. (+4 MHP)


Message History

The ufetubus hits you but does no damage.
The ufetubus barely misses you. The adder skeleton bites you.
The ufetubus hits you. The ufetubus closely misses you.
Casting: Foxfire (safe; 3% risk of failure)
Confirm with . or Enter, or press ? or * to list all spells.
You conjure some foxfire!
The ufetubus closely misses you. x2
Casting: Foxfire (safe; 3% risk of failure)
Confirm with . or Enter, or press ? or * to list all spells.
You conjure some foxfire!
The ufetubus hits you. x2
The ufetubus closely misses you. x2
Your foxfire dissipates!
The foxfire hits the ufetubus but does no damage.
The foxfire hits the ufetubus.
The ufetubus is burned terribly!
The ufetubus is heavily wounded.
Casting: Foxfire (safe; 3% risk of failure)
Confirm with . or Enter, or press ? or * to list all spells.
You conjure some foxfire!
The ufetubus misses you. The ufetubus barely misses you.
Your foxfire dissipates!
The foxfire hits the ufetubus but does no damage.
The ufetubus is heavily wounded.
The ufetubus hits you. The ufetubus misses you. x2
The ufetubus barely misses you.
Casting: Foxfire (safe; 3% risk of failure)
Confirm with . or Enter, or press ? or * to list all spells.
You conjure some foxfire!
The ufetubus hits you. The ufetubus closely misses you.
Your foxfire dissipates!
The foxfire hits the ufetubus but does no damage.
The ufetubus is heavily wounded.
The ufetubus barely misses you. The ufetubus hits you.
* * * LOW HITPOINT WARNING * * *
Casting: Foxfire (safe; 3% risk of failure)
Confirm with . or Enter, or press ? or * to list all spells.
You conjure some foxfire!
* * * LOW HITPOINT WARNING * * *
The ufetubus barely misses you. The ufetubus hits you.
* * * LOW HITPOINT WARNING * * *
The ufetubus hits you.
You die...

# _≈ ###
#.≈ #..
≈_._ #.#
^.^..## #.#
#_._^⌠.##.#
#...Z#
#.##5# #.
#@# .. #v#
..# #.# ..#
#.# ### #.#
#.# .# #.#
#.# #.# #.#
#.# #.#


You could see an ufetubus (ally target) and an adder skeleton.

Vanquished Creatures
  A jelly (D:2)
  An adder (D:2)
  2 worms
  A dart slug (D:1)
  5 orcs (D:3)
  7 ball pythons
  4 bats
  7 endoplasms
  3 giant cockroaches (D:1)
  9 goblins
  4 hobgoblins
  5 kobolds
  3 quokkas
  2 frilled lizards
  4 rats
58 creatures vanquished.

Vanquished Creatures (others)
  134 foxfires
134 creatures vanquished.

Grand Total: 192 creatures vanquished

Notes
Turn   | Place    | Note
-------+----------+-------------------------------------------
     0 | D:1      | Kenran the Djinni Fire Elementalist began the quest for the
                  | Orb.
     0 | D:1      | Reached XP level 1. HP: 15/15 MP: 0/0
     0 | D:1      | Noticed a tentacled monstrosity
     0 | D:1      | Noticed an ice dragon
     1 | D:1      | Noticed a tentacled monstrosity
     3 | D:1      | Noticed an orb of fire
     5 | D:1      | Noticed a large abomination
     6 | D:1      | Noticed an orb of fire
     7 | D:1      | Noticed an ice dragon
     8 | D:1      | Noticed a tentacled monstrosity
     9 | D:1      | Noticed a large abomination
    11 | D:1      | Noticed an ice dragon
    15 | D:1      | Noticed a yellow draconian
    15 | D:1      | Noticed a golden dragon
    15 | D:1      | Noticed an ice dragon
    17 | D:1      | Noticed a large abomination
    19 | D:1      | Noticed a tentacled monstrosity
    19 | D:1      | Noticed a shadow dragon
   141 | D:1      | Found a faded altar of an unknown god.
   146 | D:1      | Reached XP level 2. HP: 20/21 MP: 0/0
   625 | D:1      | Reached XP level 3. HP: 24/25 MP: 0/0
   625 | D:1      | Learned a level 1 spell: Beastly Appendage
  1504 | D:2      | Reached skill level 1 in Fighting
  1504 | D:2      | Reached XP level 4. HP: 26/32 MP: 0/0
  2164 | D:3      | Reached XP level 5. HP: 31/38 MP: 0/0
  2164 | D:3      | Learned a level 2 spell: Ensorcelled Hibernation
  2896 | D:4      | Found a shimmering altar of Xom.
  2896 | D:4      | Found a shimmering altar of Xom.
  2897 | D:4      | Found a shimmering altar of Xom.
  2897 | D:4      | Found a shimmering altar of Xom.
  2898 | D:4      | Found a shimmering altar of Xom.
  2914 | D:4      | Slain by an ufetubus

Illustrated notes

Levels and vault maps discovered:
D:1:      shiori_arrival_whats_in_store_for_you, layout_loops_ring,
          basic_ecumenical_altar
D:2:      layout_loops_ring
D:3:      layout_basic
D:4:      layout_basic, xom_redecorated, minmay_misc_feat_rows, uniq_grinder,
          uniq_pikel

Skill      XL: |  1  2  3  4 |
---------------+-------------+-----
Spellcasting   | 3 |  3.6
Fighting       | 1 2 |  2.0
Dodging        | 3 |  3.0
Stealth        | |  1.5

Action                   |  1- 3 |  4- 6 || total
-------------------------+-------+-------++-------
Melee: Dagger            |     9 |     4 ||    13
 Cast: Foxfire           |    49 |    48 ||    97
Armor: Robe              |       |     2 ||     2
Dodge: Dodged            |    11 |    19 ||    30
